 Dungeon Crawl Stone Soup version 0.20-a0-871-g785f14b (webtiles) character file.

56 JeffiDaFish the Shield-Bearer (level 3, 0/24 HPs)
             Began as a Gargoyle Fighter on Mar 14, 2017.
             Slain by a gnoll (1 damage)
             ... on level 2 of the Dungeon on Mar 15, 2017.
             The game lasted 00:03:26 (1224 turns).

JeffiDaFish the Shield-Bearer (Gargoyle Fighter)    Turns: 1224, Time: 00:03:26

Health: 0/24       AC: 13    Str: 22 (24) XL:     3   Next: 95%
Magic:  3/3        EV:  5    Int:  8      God:
Gold:   53         SH:  9    Dex:  9 (10) Spells: 2/2 levels left

rFire    . . .     SeeInvis .   a - +0 flail
rCold    . . .     Gourm    .   e - +0 chain mail
rNeg     + + .     Faith    .   c - +0 shield
rPois    ∞         Spirit   .   (no helmet)
rElec    +         Reflect  .   (no cloak)
rCorr    .         Harm     .   (no gloves)
MR       .....                  m - +0 pair of boots
Stlth    ..........             (no amulet)
Regen    0.1/turn               (no ring)
MPRegen  0.1/turn               i - ring of positive energy

@: mighty
A: negative energy resistance 1, electricity resistance, unbreathing,
petrification resistance, rot immunity, AC +3
a: no special abilities


You were on level 2 of the Dungeon.
You were not hungry.

You visited 1 branch of the dungeon, and saw 2 of its levels.

You collected 53 gold pieces.

Inventory:

Hand Weapons
 a - a +0 flail (weapon)
Armour
 c - a +0 shield (worn)
 e - a +0 chain mail (worn)
 m - a +0 pair of boots (worn)
Jewellery
 i - a ring of positive energy (left hand)
Scrolls
 b - 2 scrolls of random uselessness
 j - 2 scrolls of identify
 k - a scroll of fear
 n - a scroll of remove curse
Potions
 d - a potion of might
Comestibles
 f - a bread ration
 g - 4 royal jellies
 h - a meat ration
 l - a chunk of flesh


   Skills:
 + Level 3.7 Fighting
 + Level 2.3 Maces & Flails
 + Level 3.8 Armour
 + Level 0.4 Dodging
 + Level 4.0 Shields


You had 2 spell levels left.
You didn't know any spells.

Dungeon Overview and Level Annotations

Branches:
Dungeon (2/15)

Altars:
Xom


Innate Abilities, Weirdness & Mutations

You are resistant to torment.
Your stone body is resilient. (AC +3)
You are immune to poison.
You resist negative energy. (rN+)
You are resistant to electric shocks. (rElec)
You can survive without breathing.
You are immune to petrification.
You are immune to rotting.


Message History

* * * LOW HITPOINT WARNING * * *
You block the gnoll's attack. The gnoll hits you but does no damage.
You hit the gnoll.
The gnoll is heavily wounded.
You block the gnoll's attack. The gnoll hits you with a whip.
* * * LOW HITPOINT WARNING * * *
You barely miss the gnoll. You block the gnoll's attack. x2
You block the gnoll's attack. Ijyb hits you but does no damage.
The gnoll barely misses you.
You thump Ijyb!
You kill Ijyb!
You feel your intelligence returning.
You feel your dexterity returning.
Your Shields skill increases to level 4!
You block the gnoll's attack. The gnoll hits you but does no damage.
The gnoll barely misses you. The gnoll hits you with a club.
* * * LOW HITPOINT WARNING * * *
You feel very mighty all of a sudden.
The gnoll hits you but does no damage. x2; You block the gnoll's attack.
The gnoll hits you.
You die...

#.# #.# .... #.#
...#+#+### #.# .........#
#.# ........# #.#
#.......# #.# # .......#
#.# #.#####......#
#.####.#@.g.......#
#.#.....g#g.......#
#.#.##.#.###......# #.#
#.............. #.#
#.[.################
#.#.##.....<............#
#.#.##......###########.#
#.#.##..................#
#.#.##....###############


You could see 3 gnolls.

Vanquished Creatures
  Ijyb (D:2)
  An ooze (D:2)
  A worm (D:2)
  2 leopard geckos
  A giant cockroach (D:1)
  2 goblins (D:1)
  4 hobgoblins
  A ball python (D:2)
  4 bats
  2 frilled lizards
  3 kobolds
  2 rats
24 creatures vanquished.

Notes
Turn   | Place    | Note
-------+----------+-------------------------------------------
     0 | D:1      | JeffiDaFish the Gargoyle Fighter began the quest for the Orb.
     0 | D:1      | Reached XP level 1. HP: 14/14 MP: 1/1
   252 | D:1      | Found a shimmering altar of Xom.
   265 | D:1      | Reached XP level 2. HP: 19/19 MP: 2/2
   920 | D:2      | Reached XP level 3. HP: 18/23 MP: 3/3
  1198 | D:2      | Noticed Ijyb
  1222 | D:2      | Killed Ijyb
  1222 | D:2      | Reached skill level 4 in Shields
  1222 | D:2      | HP: 1/24 [gnoll/club (2)]
  1224 | D:2      | Slain by a gnoll

Vault maps used:
D:1:      lemuel_arrival_cross, xom_teletrap_fun
D:2:      zin_purify, uniq_robin, uniq_iyjb, uniq_jessica

Skill      XL: |  1  2  3 |
---------------+----------+-----
Shields        | 4 |  4.0
Fighting       | |  3.7
Maces & Flails | |  2.3
Armour         | |  3.8
Dodging        | |  0.4

Action                   || total
-------------------------++-------
Melee: Flail             ||   139
  Use: Scroll            ||     4
       Potion            ||     3
  Eat: Chunk             ||     1
Armor: Chain mail        ||   113
Dodge: Dodged            ||    30
Block: Shield            ||    80
